 Dungeon Crawl Stone Soup version 0.18-a0-801-gb01a236 (webtiles) character file.

126710 xeno23 the Black Belt (level 17, -31/123 HPs)
             Began as a Human Monk on Dec 12, 2015.
             Was the Champion of Ru.
             Blown up by an orb spider (48 damage)
             ... with an orb of destruction
             ... on level 1 of the Spider Nest on Dec 15, 2015.
             The game lasted 02:27:44 (31740 turns).

xeno23 the Black Belt (Human Monk)                 Turns: 31740, Time: 02:27:45

Health: -31/123    AC: 15    Str: 27    XL:     17   Next: 54%
Magic:  23/24      EV: 17    Int: 11    God:    Ru [******]
Gold:   2754       SH:  0    Dex: 19    Spells: 5 memorised, 16 levels left

rFire  + . .     SeeInvis .       - Unarmed
rCold  x . .     Clarity  .     D - +6 leather armour "Nyitro" {*Confuse +Inv rF+ MR++}
rNeg   . . .     SustAt   .     (no shield)
rPois  +         Gourm    .     g - +1 hat {rF+}
rElec  .         Spirit   .     K - +0 cloak of Rotuvvoaqib {Str+4} (curse)
rCorr  .         Dismiss  .     n - +0 pair of gloves
rMut   .         Stasis   .     z - +2 pair of boots {run}
MR     ++...                    Q - amulet of rage
Stlth  ++++......               m - +4 ring of strength
                                x - ring of poison resistance

@: lethally poisoned (-31 -> -39), repel missiles, drained, quick, very
resistant to hostile enchantments, stealthy
A: agile 1, frail 1, strong 1, no device heal 1, hated by all, no ice magic, no
necromancy magic, no summoning magic, magic vulnerability 1, temperature
sensitive
a: Draw Out Power, Power Leap, Apocalypse, Renounce Religion, Evoke Berserk
Rage, Evoke Invisibility


You were on level 1 of the Spider Nest.
You worshipped Ru.
Ru was exalted by your worship.
You were not hungry.

You visited 5 branches of the dungeon, and saw 29 of its levels.
You also visited: Labyrinth, Sewer, Bailey and Volcano.

You collected 4540 gold pieces.
You spent 1786 gold pieces at shops.

Inventory:

Hand Weapons
 R - a +1 blowgun
Missiles
 e - 3 poisoned javelins (quivered)
 Z - 20 curare-tipped needles
Armour
 g - a +1 hat of fire resistance (worn)
 n - a +0 pair of gloves (worn)
 z - a +2 pair of boots of running (worn)
 D - the +6 leather armour "Nyitro" (worn) {*Confuse +Inv rF+ MR++}
   (You found it in a labyrinth)

   It protects you from fire.
   It affects your resistance to hostile enchantments.
   It lets you turn invisible.
   It may confuse you when you take damage.
 K - the cursed +0 cloak of Rotuvvoaqib (worn) {Str+4}
   (You found it on level 5 of the Lair of Beasts)

   It affects your strength (+4).
   It has a curse placed upon it.
Jewellery
 c - the ring of Mucyogh {rElec rC+ AC+2 Slay-6}
   (You took it off a minotaur in a labyrinth)

   [ring of protection]

   It affects your AC (+2).
   It affects your accuracy and damage with ranged weapons and melee attacks
   (-6).
   It protects you from cold.
   It insulates you from electricity.
 m - a +4 ring of strength (right hand)
 x - a ring of poison resistance (left hand)
 C - a +3 ring of dexterity
 Q - an amulet of rage (around neck)
Wands
 a - a wand of hasting (4)
 p - a wand of cold (8)
 w - a wand of polymorph (13)
 y - a wand of digging (15)
 T - a wand of disintegration (20)
Scrolls
 f - 7 scrolls of immolation
 i - 8 scrolls of remove curse
 l - 2 scrolls of blinking
 o - 5 scrolls of enchant weapon
 r - a scroll of enchant armour
 s - 6 scrolls of magic mapping
 t - 9 scrolls of teleportation
 u - a scroll of recharging
 B - 4 scrolls of fog
 I - 6 scrolls of amnesia
 L - 5 scrolls of fear
Potions
 d - 2 potions of cancellation
 j - 6 potions of heal wounds
 q - 2 potions of flight
 v - 7 potions of curing
 A - 2 potions of berserk rage
 H - 3 potions of brilliance
 J - 2 potions of invisibility {unknown}
 M - 8 potions of haste
 O - 3 potions of degeneration {unknown}
 S - 3 potions of resistance {unknown}
 U - 2 potions of ambrosia {unknown}
 X - 5 potions of might
Comestibles
 b - 16 bread rations
 h - 11 beef jerkies
 k - 14 meat rations
 P - 42 fruits


   Skills:
 + Level 13.3(12.3) Fighting
 + Level 13.2(12.2) Dodging
 - Level 8.0(7.0) Stealth
 * Level 18.0(16.8) Unarmed Combat
 - Level 5.1(4.2) Spellcasting
 - Level 7.0(6.1) Transmutations
 - Level 6.9(6.0) Earth Magic
 - Level 7.0(6.1) Evocations


You had 16 spell levels left.
You knew the following spells:

 Your Spells              Type           Power        Failure   Level  Hunger
b - Swiftness             Chrm/Air       #.......     38%         2    ##.....
d - Passwall              Trmt/Erth      ###.......   8%          3    ###....
g - Blink                 Tloc           N/A          38%         2    ##.....
r - Repel Missiles        Chrm/Air       #.....       38%         2    ##.....
v - Apportation           Tloc           #.........   28%         1    #......


Dungeon Overview and Level Annotations

Branches:
Dungeon (15/15)            Temple (1/1) D:5            Lair (8/8) D:8
 Shoals (0/4) Lair:3       Spider (1/4) Lair:5        Slime (0/6) Lair:7
    Orc (4/4) D:9             Elf (0/3) Orc:3        Vaults (0/5) D:13
 Depths (0/5) D:15

Altars:
Ashenzari
Cheibriados
Dithmenos
Elyvilon
Fedhas
Gozag
Kikubaaqudgha
Makhleb
Nemelex Xobeh
Okawaru
Pakellas
Qazlal
Ru
Sif Muna
Trog
Vehumet
Xom
Yredelemnul
Zin
The Shining One
Jiyva

Shops:
D:4 =   D:5 [   D:6 }   D:10 *   D:14 *   Orc:2 *   Orc:4 }%(}

Portals:
Hell: Lair:8
Pandemonium: Orc:4


Innate Abilities, Weirdness & Mutations

You are frail (-10% HP).
You are hated by all.
You cannot study or cast Ice magic.
You cannot study or cast Necromancy magic.
You cannot study or cast Summoning magic.
You are slightly vulnerable to magic.
You are sensitive to extremes of temperature (rF-, rC-).
You are agile. (Dex +2)
Your muscles are strong. (Str +2)
Potions and wands are less effective at restoring your health.


Message History

You redirect the orb spider's attack!
You take 2 damage.
You feel sick.
There is a stone staircase leading down here.
You take 2 damage.
You feel sick.
You see here a bardiche.
You feel sick.
The orb spider weaves a glowing orb of energy.
An orb of destruction comes into view.
You take 2 damage.
You feel sick.
You take 1 damage.
You feel sick.
There is a crawl-hole back to the Lair here.
You feel less exhausted.
You feel sick.
The orb spider begins to attack, but is stunned by your will!
The orb of destruction hits you!
You die...

####..............
#≈............^...
#≈≈...........)...
#≈................
#≈≈^.#..........#.
##≈###..........).
#≈................
##.................
####.@..........(.....
#...).§§)?.[..........
#...^...§§§s††(.......
#≈.^..).....§†.........
#≈≈≈.......#...†........
##≈≈....................
####...................
##..................
###..^^.....^......


You could see an orb spider.

Vanquished Creatures
  Kirke (D:14)
  Louise (D:14)
  Maud (D:10)
  An orc warlord (D:12)
  Azrael (Orc:4)
  A dire elephant (D:15)
  2 ogre magi
  Snorg (Lair:3)
  A minotaur (Lab)
  Josephine (Lair:4)
  An entropy weaver (Spider:1)
  A vault guard (D:13)
  7 hydras
  A death yak (Lair:8)
  4 centaur warriors
  The ghost of Chiseanne the Unseen, a journeyman SpAs of Gozag (Orc:2)
  2 tengu warriors
  A soul eater (Orc:4)
  5 orc high priests
  A deep elf knight (D:13)
  A fire crab (Lair:8)
  Nergalle (D:12)
  3 skeletal warriors (D:12)
  2 unseen horrors
  A gelid demonspawn (Orc:4)
  A wizard (Lair:8)
  2 putrid demonspawn (Orc:4)
  A giant orange brain (shapeshifter) (D:14)
  A lindwurm (Volcano)
  7 orc sorcerers (Orc:4)
  3 manticores
  6 hill giants
  7 wolf spiders
  9 orc knights
  4 griffons
  6 ugly things
  A sixfirhy (Orc:4)
  2 octopodes (shapeshifter) (D:13)
  4 cyclopes
  A deep elf mage (D:11)
  A salamander (Lair:2)
  5 black mambas
  5 centaur zombies
  17 elephants
  A hornet (shapeshifter) (D:14)
  9 spiny frogs
  A toenail golem (Volcano)
  2 molten gargoyles
  A torpor snail (Lair:8)
  6 komodo dragons
  3 gargoyles
  7 fire drakes
  A kobold demonologist (D:13)
  An efreet (D:15)
  12 trolls
  5 ice devils
  2 freezing wraiths
  A hellwing (Lair:8)
  5 red devils
  A tengu conjurer (D:15)
  3 jumping spiders (Spider:1)
  6 slime creatures
  19 blink frogs
  10 redbacks
  4 wraiths
  5 tarantellas
  52 yaks
  3 shadows
  3 vampires
  5 hogs (D:14)
  A human (D:14)
  A hungry ghost (D:11)
  4 trapdoor spiders
  8 fire elementals
  16 hippogriffs
  Grum (D:10)
  4 basilisks
  3 wyverns
  6 wargs
  2 steam dragons
  A soldier ant (D:15)
  Menkaure (D:6)
  5 vampire mosquitoes
  14 wolves
  55 orc warriors
  3 hell hounds
  Purgy (Sewer)
  18 water moccasins
  3 ice beasts
  12 porcupines
  4 sky beasts
  A black bear (Lair:3)
  2 necrophages
  An eye of draining (D:9)
  The ghost of cireshan the Firebug, an amateur DsFE (D:3)
  28 centaurs
  23 ogres
  21 giant frogs
  A giant frog (shapeshifter) (D:14)
  2 big kobolds
  17 crocodiles
  2 wyvern zombies
  9 gnoll sergeants
  16 wights
  6 scorpions
  9 killer bees
  An electric eel (Lair:6)
  A lava snake (Lair:2)
  8 crimson imps
  2 giant frog zombies (D:6)
  7 centaur skeletons
  3 jellies
  7 iguanas
  46 orc priests
  5 giant frog skeletons
  9 hounds
  Crazy Yiuf (D:5)
  6 gnoll shamans (Bailey)
  32 orc wizards
  A killer bee zombie (D:6)
  4 hell rats (Lair:6)
  6 worker ants
  24 sheep
  A hound zombie (D:4)
  A hound skeleton (D:3)
  Robin (D:2)
  A worker ant zombie (D:10)
  12 adders
  22 gnolls
  94 river rats
  6 shadow imps
  An ooze (D:3)
  A worm (D:2)
  An adder skeleton (D:4)
  8 giant geckos
  141 orcs
  12 goblins
  11 hobgoblins
  29 jackals
  19 kobolds
  7 quokkas
  3 ball pythons
  A ball python zombie (D:5)
  9 bats
  10 giant cockroaches
  A giant gecko skeleton (D:6)
  2 giant newts
  7 rats
  A bush (Lair:1)
  2 fire vortices (Volcano)
  7 fungi
  2 plants
1172 creatures vanquished.

Vanquished Creatures (others)
  A hell beast (Lair:8)
  An unseen horror (D:15)
  A wizard (D:15)
  A hill giant (D:15)
  An orc sorcerer (Orc:4)
  A komodo dragon (Lair:1)
  A molten gargoyle (Volcano)
  A blink frog (Lair:7)
  A redback (Spider:1)
  A yak (D:8)
  A fire elemental (Orc:4)
  A hell hound (Orc:4)
  An orc warrior (Orc:3)
  An ogre (Orc:1)
  A centaur (D:14)
  A giant frog (D:14)
  A wight (D:8)
  An orc wizard (Orc:2)
  A gnoll (D:12)
  3 river rats
  6 orcs
  A jackal skeleton (D:8)
  A bush (Lair:8)
  25 fungi
  4 plants (Lair:8)
59 creatures vanquished.

Grand Total: 1231 creatures vanquished

Notes
Turn   | Place    | Note
--------------------------------------------------------------
     0 | D:1      | xeno23 the Human Monk began the quest for the Orb.
     0 | D:1      | Reached XP level 1. HP: 18/18 MP: 1/1
   114 | D:1      | Reached XP level 2. HP: 16/24 MP: 2/2
   968 | D:2      | Reached XP level 3. HP: 26/29 MP: 3/3
  1201 | D:2      | Found a deep blue altar of Sif Muna.
  1325 | D:2      | Found a faded altar to an unknown god.
  1336 | D:2      | Reached XP level 4. HP: 18/35 MP: 4/4
  1491 | D:2      | Noticed Robin
  1521 | D:2      | Killed Robin
  1778 | D:3      | Learned a level 2 spell: Repel Missiles
  1785 | D:3      | Found a sparkling altar of Nemelex Xobeh.
  1807 | D:3      | Reached skill level 5 in Unarmed Combat
  1807 | D:3      | Reached XP level 5. HP: 31/41 MP: 5/5
  1837 | D:3      | Noticed cireshan's ghost (amateur DsFE)
  1897 | D:4      | Found Xola's Jewellery Shoppe.
  2002 | D:4      | Reached XP level 6. HP: 22/48 MP: 6/6
  2092 | D:4      | Found an opulent altar of Gozag.
  2181 | D:4      | Got a shimmering flail
  2182 | D:4      | Identified the +3 flail of Tenacity {drain, -Tele rC+ Str+2} (You found it on level 4 of the Dungeon)
  2197 | D:4      | Found a burning altar of Makhleb.
  2197 | D:4      | Found a snail-covered altar of Cheibriados.
  2306 | D:4      | Reached skill level 6 in Unarmed Combat
  2560 | D:4      | Reached XP level 7. HP: 50/55 MP: 7/7
  2764 | D:5      | Entered Level 5 of the Dungeon
  2827 | D:5      | Found Hesup's Armour Shop.
  2827 | D:5      | Found a staircase to the Ecumenical Temple.
  2831 | D:5      | Bought a +2 ring mail of fire resistance for 210 gold pieces
  2865 | Temple   | Entered the Ecumenical Temple
  3205 | D:5      | Found a blossoming altar of Fedhas.
  3404 | D:5      | Reached skill level 5 in Fighting
  3404 | D:5      | Reached skill level 7 in Unarmed Combat
  3443 | D:5      | Noticed Crazy Yiuf
  3447 | D:5      | Killed Crazy Yiuf
  3447 | D:5      | Reached skill level 5 in Dodging
  3447 | D:5      | Reached XP level 8. HP: 62/62 MP: 8/8
  3654 | D:3      | Found a shadowy altar of Dithmenos.
  3729 | D:3      | Killed cireshan's ghost
  4217 | D:6      | Found Nawk's Gadget Shop.
  4282 | D:6      | Found a glowing drain.
  4338 | Sewer    | Entered a sewer
  4394 | Sewer    | Noticed Purgy
  4411 | Sewer    | Killed Purgy
  4411 | Sewer    | Reached skill level 8 in Unarmed Combat
  4488 | D:6      | Learned a level 2 spell: Swiftness
  4780 | D:6      | Noticed Menkaure
  4827 | D:6      | Killed Menkaure
  4827 | D:6      | Reached XP level 9. HP: 38/69 MP: 9/9
  5407 | D:7      | Found a sacrificial altar of Ru.
  5416 | D:7      | Became a worshipper of Ru the Awakened
  5430 | D:7      | Gained mutation: You cannot study or cast Ice magic. [Ru sacrifice]
  5430 | D:7      | Gained mutation: You cannot study or cast Necromancy magic. [Ru sacrifice]
  5430 | D:7      | Gained mutation: You cannot study or cast Summoning magic. [Ru sacrifice]
  5430 | D:7      | Reached * piety under Ru
  5458 | D:7      | Reached skill level 9 in Unarmed Combat
  6302 | D:7      | Found an oddly glowing altar of Pakellas.
  6758 | D:8      | Found a shimmering altar of Xom.
  7037 | D:8      | Found a staircase to the Lair.
  7063 | D:8      | Reached skill level 10 in Unarmed Combat
  7159 | D:8      | Reached XP level 10. HP: 47/79 MP: 10/10
  7245 | D:8      | Found a stormy altar of Qazlal.
  7323 | D:8      | Upgraded the game from 0.18-a0-750-g37044d6 to 0.18-a0-775-g4d9e04e
  7446 | D:8      | HP: 1/79 [yak (13)]
  7962 | D:9      | Found a shattered altar of Ashenzari.
  7976 | D:9      | Reached skill level 11 in Unarmed Combat
  8125 | D:9      | Noticed a hill giant
  8125 | D:9      | Noticed a purple ugly thing
  8209 | D:9      | Gained mutation: You are slightly vulnerable to magic. [Ru sacrifice]
  8209 | D:9      | Reached ** piety under Ru
  8392 | D:9      | Found a staircase to the Orcish Mines.
  8482 | D:9      | Reached skill level 1 in Evocations
  8586 | D:9      | Found a glowing golden altar of the Shining One.
  8752 | D:9      | Killed a purple ugly thing
  9003 | D:9      | Killed a hill giant
  9003 | D:9      | Reached XP level 11. HP: 86/86 MP: 11/13
  9114 | D:10     | Entered Level 10 of the Dungeon
  9648 | D:10     | Found Ickevedwe's Assorted Antiques.
  9734 | D:10     | Gained mutation: You are agile. (Dex +2) [potion of beneficial mutation]
  9735 | D:10     | Gained mutation: Your muscles are strong. (Str +2) [potion of beneficial mutation]
  9839 | D:10     | Noticed an unseen horror
  9840 | D:10     | Killed an unseen horror
  9840 | D:10     | Reached skill level 12 in Unarmed Combat
  9916 | D:10     | Noticed Maud
  9997 | D:10     | Noticed Grum
 10015 | D:10     | Killed Grum
 10017 | D:10     | Reached skill level 5 in Evocations
 10394 | D:10     | Killed Maud
 10592 | D:11     | Noticed a purple ugly thing
 10601 | D:11     | Killed a purple ugly thing
 10689 | D:11     | Noticed a hill giant
 10697 | D:11     | Reached XP level 12. HP: 94/94 MP: 16/16
 10706 | D:11     | Reached skill level 5 in Stealth
 10710 | D:11     | Reached skill level 1 in Spellcasting
 10852 | D:11     | Gained mutation: You are frail (-10% HP). [Ru sacrifice]
 10852 | D:11     | Reached *** piety under Ru
 11897 | D:12     | Reached skill level 13 in Unarmed Combat
 11935 | D:12     | Noticed Nergalle
 12073 | D:12     | Found a flagged portal.
 12089 | Bailey   | Entered a bailey
 12647 | D:12     | Reached XP level 13. HP: 84/91 MP: 15/18
 12804 | D:12     | Found a runed door.
 12822 | D:12     | Noticed an orc warlord
 12911 | D:12     | Killed an orc warlord
 12911 | D:12     | Reached skill level 10 in Fighting
 13134 | D:12     | Gained mutation: You are sensitive to extremes of temperature (rF-, rC-). [Ru sacrifice]
 13134 | D:12     | Reached **** piety under Ru
 13134 | D:12     | Reached ***** piety under Ru
 13178 | D:12     | Killed Nergalle
 13178 | D:12     | Reached skill level 10 in Dodging
 13429 | D:12     | HP: 1/93 [skeletal warrior/hand axe (24)]
 13911 | Lair:1   | Entered Level 1 of the Lair of Beasts
 13921 | Lair:1   | Upgraded the game from 0.18-a0-775-g4d9e04e to 0.18-a0-801-gb01a236
 14865 | Lair:2   | Gained mutation: You are hated by all. [Ru sacrifice]
 14865 | Lair:2   | Reached ****** piety under Ru
 14870 | Lair:2   | Reached skill level 14 in Unarmed Combat
 15819 | Lair:3   | Noticed Snorg
 15834 | Lair:3   | Killed Snorg
 15834 | Lair:3   | Reached XP level 14. HP: 92/99 MP: 21/21
 15867 | Lair:3   | Found a labyrinth entrance.
 15878 | Lab      | Entered a labyrinth
 16140 | Lab      | Got an ancient iron ring
 16158 | Lab      | Identified the Grimoire of Evil Rituals
 16167 | Lab      | Identified the ring of Mucyogh {rElec rC+ AC+2 Slay-6} (You took it off a minotaur in a labyrinth)
 16168 | Lab      | that ring
 16171 | Lab      | Got a pitted leather armour
 16183 | Lab      | Identified a +2 pair of boots of running (You found it in a labyrinth)
 16204 | Lab      | Identified the +6 leather armour "Nyitro" {*Confuse +Inv rF+ MR++} (You found it in a labyrinth)
 16293 | Lair:3   | Reached skill level 5 in Spellcasting
 16517 | Lair:3   | Found a staircase to the Shoals.
 17210 | Lair:4   | Noticed Josephine
 17217 | Lair:4   | Killed Josephine
 17631 | Lair:4   | Reached skill level 15 in Unarmed Combat
 18040 | Lair:5   | Found a hole to the Spider Nest.
 18342 | Lair:5   | Got a warped leather armour
 18356 | Lair:5   | Identified the cursed +1 leather armour of the Lute {Dex+3} (You found it on level 5 of the Lair of Beasts)
 18388 | Lair:5   | Got a slimy cloak
 18399 | Lair:5   | Identified the cursed +0 cloak of Rotuvvoaqib {Str+4} (You found it on level 5 of the Lair of Beasts)
 20014 | Lair:7   | Reached XP level 15. HP: 76/108 MP: 22/22
 20089 | Lair:7   | Found a dark tunnel.
 20096 | Lair:7   | Learned a level 1 spell: Apportation
 20099 | Lair:7   | Learned a level 2 spell: Blink
 20111 | Volcano  | Entered a volcano
 20596 | Lair:7   | Found a staircase to the Slime Pits.
 20597 | Lair:7   | Found a viscous altar of Jiyva.
 20954 | Lair:8   | Entered Level 8 of the Lair of Beasts
 21138 | Lair:8   | Reached skill level 16 in Unarmed Combat
 22230 | Lair:8   | Found a burning altar of Makhleb.
 22236 | Lair:8   | Found a gateway to Hell.
 22726 | Lair:1   | Learned a level 3 spell: Passwall
 22786 | Orc:1    | Entered Level 1 of the Orcish Mines
 23491 | Orc:2    | Reached skill level 1 in Earth Magic
 23513 | Orc:2    | Reached skill level 1 in Transmutations
 23721 | Orc:2    | Found Ilanlez's Assorted Antiques.
 23733 | Orc:2    | Bought a brown potion for 28 gold pieces
 23783 | Orc:2    | Gained mutation: Potions and wands are less effective at restoring your health. [a neqoxec]
 24128 | Orc:2    | Noticed Chiseanne's ghost (journeyman SpAs)
 24137 | Orc:2    | Killed Chiseanne's ghost
 24137 | Orc:2    | Reached XP level 16. HP: 105/116 MP: 23/23
 24138 | Orc:2    | Reached skill level 17 in Unarmed Combat
 24354 | Orc:3    | Found a staircase to the Elven Halls.
 25168 | Orc:4    | Entered Level 4 of the Orcish Mines
 25265 | Orc:4    | Found Dacluut's Gadget Shoppe.
 25801 | Orc:4    | Found Buos's Distillery.
 25808 | Orc:4    | Found Xonasam's Food Boutique.
 26103 | Orc:4    | Bought a potion of curing for 33 gold pieces
 26103 | Orc:4    | Bought 2 potions of haste for 220 gold pieces
 26103 | Orc:4    | Bought a potion of haste for 110 gold pieces
 26103 | Orc:4    | Bought 2 potions of curing for 66 gold pieces
 26103 | Orc:4    | Bought a potion of heal wounds for 55 gold pieces
 26103 | Orc:4    | Bought a potion of heal wounds for 55 gold pieces
 26103 | Orc:4    | Bought a potion of curing for 33 gold pieces
 26103 | Orc:4    | Bought a potion of berserk rage for 55 gold pieces
 26103 | Orc:4    | Bought a potion of brilliance for 44 gold pieces
 26103 | Orc:4    | Bought a potion of flight for 33 gold pieces
 26183 | Orc:4    | Noticed Azrael
 26198 | Orc:4    | Killed Azrael
 26947 | Orc:4    | Found Wilijorch's Gadget Shoppe.
 26947 | Orc:4    | Found a one-way gate leading to the halls of Pandemonium.
 26947 | Orc:4    | Found Xestuc's Antique Weapon Emporium.
 26969 | Orc:4    | Bought a wand of hasting (4) for 624 gold pieces
 27061 | Orc:4    | Reached skill level 5 in Transmutations
 27505 | D:13     | Reached skill level 5 in Earth Magic
 28205 | D:13     | Found a gate to the Vaults.
 28441 | D:14     | Reached XP level 17. HP: 69/122 MP: 24/24
 28725 | D:14     | Found Toffoj's Blood Bar.
 28896 | D:14     | Noticed Louise
 28907 | D:14     | Killed Louise
 28956 | D:14     | Noticed Kirke
 28976 | D:14     | Killed Kirke
 29001 | D:14     | Found a glowing silver altar of Zin.
 29496 | D:15     | Entered Level 15 of the Dungeon
 29993 | D:15     | Found a staircase to the Depths.
 30453 | D:4      | Bought an uncursed ring of poison resistance for 220 gold pieces
 30663 | Spider:1 | Entered Level 1 of the Spider Nest
 31459 | Spider:1 | Reached skill level 18 in Unarmed Combat
 31740 | Spider:1 | Blown up by an orb spider

Vault maps used:
D:1:      zelgadis_glass_arrival_large, minmay_misc_feat_more_columns,
          st_stairs_13, roderic_lattice_a
D:2:      lemuel_crystal_altar, ecumenical_altar_1, uniq_robin
D:3:      nemelex_xobeh_ov_fountains_minmay, nicolae_dithmenos_shadow_blocks
D:4:      grunt_gozag_statues, gammafunk_temple_overflow_wave, serial_shops,
          nicolae_shop_crystal, minmay_close_crescents
D:5:      lemuel_doored_altar, minmay_temple_entry_mist, serial_shops, shop,
          first_bread, uniq_crazy_yiuf_cottage
D:6:      kennysheep_steamy, serial_shops, nicolae_shop_waterfront,
          gup_sewer_entry_pipe, kennysheep_generic_room_11, uniq_menkaure
D:7:      lemuel_crystal_altar, grunt_pakellas_basics, grunt_ogre_cave,
          kennysheep_generic_room_8
D:8:      overflow_temple_1_default, due_lair_maze_entry_diamond,
          grunt_ministairs_13, nicolae_qazlal_eye_of_the_storm
D:9:      tso_metal_star, kennysheep_mini, hiddenorc2_lemuel, minivault_20
D:10:     serial_shops, nicolae_shop_overgrown_old_shop, serial_corexii_hall,
          corexii_hall_statues_i, corexii_hall_statues_l, uniq_maud, uniq_grum
D:12:     enter_bailey_3, wad_hexagon, uniq_nergalle
D:13:     david_vaults_5, grunt_ministairs_10
D:14:     old_standard_altar, minmay_strange_pillars, guppyfry_shop_blood,
          uniq_louise, uniq_kirke
D:15:     hangedman_depths_entry_try_elsewhere_first, minmay_misc_feat_hallway
Temple:   pf_slimified_temple
Lair:3:   minmay_shoals_entry_beasts, lab_entry_generic, serial_bayou_pond_e,
          uniq_snorg
Lair:4:   beast_lair_carwin_9, uniq_josephine
Lair:5:   spider_nest_entry_webs, grunt_forest_large_clearings,
          grunt_megastairs_3
Lair:6:   grunt_megastairs_4, lemuel_fruit_tree, serial_bayou_shore_a
Lair:7:   slime_altar_1, lightli_volcano_entry_magma_tube
Lair:8:   evil_forest, grunt_forest_small_clearings,
          nicolae_lair_grove_arrangements, minmay_lair_drake_nest
Spider:1: hangedman_spider_mandibles
Orc:2:    serial_shops, nicolae_shop_competitors_out_of_business
Orc:3:    nicolae_orc_accident_3, nicolae_orc_crystal_geode
Orc:4:    pf_orc_diabolical, special_room, serial_shops, shop, mines4_lemuel,
          uniq_azrael
Lab:      labyrinth_mini_lab, lab_hedge, lab_block
Sewer:    sewer_the_crocodile
Bailey:   bailey_polearm_gnolls_kennysheep, bailey
Volcano:  volcano_aerie

Action                   |  1- 3 |  4- 6 |  7- 9 | 10-12 | 13-15 | 16-18 || total
-------------------------+-------+-------+-------+-------+-------+-------++-------
Melee: Unarmed           |   121 |   202 |   515 |   921 |  1512 |   952 ||  4223
       Dagger            |       |       |     3 |       |       |       ||     3
 Fire: Blowgun           |       |       |       |    32 |       |       ||    32
Throw: Javelin           |       |       |     6 |     1 |    14 |       ||    21
 Cast: Repel Missiles    |       |       |       |     1 |     2 |     7 ||    10
       Passwall          |       |       |       |       |       |     4 ||     4
Invok: Sacrifice Arcana  |       |       |     1 |       |       |       ||     1
       Sacrifice Essence |       |       |       |     1 |       |       ||     1
       Sacrifice Health  |       |       |       |     1 |       |       ||     1
       Power Leap        |       |       |       |       |     4 |     7 ||    11
       Sacrifice Love    |       |       |       |       |     1 |       ||     1
       Sacrifice Resista |       |       |       |       |     1 |       ||     1
       Apocalypse        |       |       |       |       |     2 |     4 ||     6
       Draw Out Power    |       |       |       |       |       |     3 ||     3
 Abil: Evoke Berserk Rag |       |       |       |    15 |    18 |     6 ||    39
       Evoke Invisibilit |       |       |       |     6 |     3 |       ||     9
Evoke: Wand              |       |       |       |       |     2 |     2 ||     4
  Use: Potion            |       |       |     1 |     2 |     3 |     3 ||     9
       Scroll            |       |       |       |    15 |    15 |     4 ||    34
 Stab: Sleeping          |     1 |       |     1 |     8 |    43 |    17 ||    70
       Distracted        |       |       |       |     6 |    17 |    18 ||    41
       Invisible         |       |       |       |    25 |    36 |    16 ||    77
       Paralysed         |       |       |       |       |     6 |     9 ||    15
       Petrified         |       |       |       |       |       |     3 ||     3
       Petrifying        |       |       |       |       |       |     2 ||     2
  Eat: Chunk             |     1 |     5 |    14 |    31 |    48 |    26 ||   125
       Fruit             |       |       |     1 |       |       |       ||     1
       Pizza             |       |       |       |     3 |       |     1 ||     4
       Royal jelly       |       |       |       |     1 |       |       ||     1
       Beef jerky        |       |       |       |       |     2 |     1 ||     3
